 Dungeon Crawl Stone Soup version 0.31-a0-261-g072fdb8a1f (webtiles) character file.

Game seed: 3941731937178590846

69 qw the Shooter (level 4, 0/26 HPs)
             Began as a Gargoyle Hexslinger on July 13, 2023.
             Slain by a gnoll bouda
             ... wielding a +0 club
              (3 damage)
             ... on level 2 of the Dungeon.
             The game lasted 00:00:25 (1242 turns).

qw the Shooter (Gargoyle Hexslinger)                Turns: 1242, Time: 00:00:26

Health: 0/26       AC:  5    Str: 11    XL:     4   Next: 20%
Magic:  5/5        EV: 12    Int: 14    God:
Gold:   95         SH:  0    Dex: 14    Spells: 4/5 levels left

rFire   . . .        Y - +1 sling
rCold   . . .        (no shield)
rNeg    + . .        c - +0 robe
rPois   inf          (no helmet)
rElec   +            (no cloak)
rCorr   .            (no gloves)
SInv    .            (no boots)
Will    .....        (no amulet)
Stlth   +            (no ring)
HPRegen 0.24/turn    (no ring)
MPRegen 0.09/turn

%: no passive effects
@: no status effects
A: sickness immunity, AC +3, negative energy resistance 1, electricity
resistance, torment resistance 1, petrification resistance
a: no special abilities


You were on level 2 of the Dungeon.
You visited 1 branch of the dungeon, and saw 2 of its levels.

You collected 95 gold pieces.


Innate Abilities, Weirdness & Mutations

You are immune to sickness and miasma.
Your stone body is resilient. (AC +3)
You are immune to poison.
You resist negative energy. (rN+)
You are resistant to electric shocks. (rElec)
You are resistant to unholy torment.
You are immune to petrification.


   Skills:
 - Level 2.3 Fighting
 + Level 3.8 Ranged Weapons
 - Level 1.5 Dodging
 - Level 1.0 Spellcasting
 - Level 2.6 Hexes


You had 4 spell levels left.
You knew the following spells:

 Your Spells              Type           Power      Damage    Failure   Level
a - Slow                  Hex            32%        N/A       9%          1

Your spell library contained the following spells:

 Spells                   Type           Power      Damage    Failure   Level
 Inner Flame              Hex/Fire       4%         N/A       41%         3
 Portal Projectile        Hex/Tloc       8%         N/A       41%         3
 Cause Fear               Hex            4%         N/A       65%         4

Inventory:

Hand Weapons
 Y - a +1 sling (weapon)
Armour
 b - a +0 ring mail
 c - a +0 robe (worn)
 d - a +0 helmet
Scrolls
 e - 3 scrolls of identify
Potions
 a - 3 potions of heal wounds {unknown}

Dungeon Overview and Level Annotations

Branches:
Dungeon (2/15)

Altars:


Message History

The sling bullet closely misses the gnoll bouda.
The sling bullet hits the gnoll but does no damage.
The gnoll bouda closely misses you.
You shoot a sling bullet.
The sling bullet barely misses the gnoll bouda.
The sling bullet hits the gnoll.
The gnoll is lightly wounded.
The gnoll bouda misses you.
The gnoll bouda gazes fiercely through you!
You feel your attacks grow feeble.
The gnoll bouda hits you with a +0 club.
You shoot a sling bullet.
The sling bullet closely misses the gnoll bouda.
The sling bullet hits the gnoll.
The gnoll is moderately wounded.
The gnoll bouda misses you.
You shoot a sling bullet.
The sling bullet barely misses the gnoll bouda.
The sling bullet barely misses the gnoll.
The sling bullet closely misses the gnoll. x2
The gnoll bouda completely misses you.
You shoot a sling bullet.
The sling bullet hits the gnoll bouda but does no damage.
The gnoll bouda is moderately wounded.
The gnoll bouda hits you but does no damage.
You shoot a sling bullet. The sling bullet hits the gnoll bouda.
The gnoll bouda is heavily wounded.
The gnoll bouda calls upon its god to heal the gnoll.
The gnoll's wounds heal themselves!
You shoot a sling bullet. The sling bullet hits the gnoll bouda.
The gnoll bouda is almost dead.
Your attacks no longer feel as feeble.
The gnoll bouda hits you with a +0 club!
The gnoll bouda barely misses you.
You shoot a sling bullet.
The sling bullet closely misses the gnoll bouda.
The sling bullet hits the gnoll.
The gnoll is heavily wounded.
The gnoll bouda hits you with a +0 club.
You die...

### ### ##.# #.# ...#
#.############# ##.#
#......@gggg... #.#
#.############# #.#
#.# #.# #.# ##.# #.#
.#.# #.####### ...##
#.##....# ....#
#.##....#####
....######.##.........


You could see a gnoll bouda and 3 gnolls.

Vanquished Creatures
  2 gnolls (D:2)
  2 adders (D:2)
  3 ball pythons
  4 endoplasms (D:1)
  A giant cockroach (D:1)
  3 goblins (D:2)
  5 hobgoblins
  A quokka (D:1)
  3 bats
  3 frilled lizards
  4 kobolds
31 creatures vanquished.

Notes
Turn   | Place    | Note
-------+----------+-------------------------------------------
     0 | D:1      | qw the Gargoyle Hexslinger began the quest for the Orb.
     0 | D:1      | Reached XP level 1. HP: 12/12 MP: 2/2
     0 | D:1      | 0 ||| qw: Version: 0.3-a-52-g30416fa
     0 | D:1      | 0 ||| qw: Game counter: 7004
     0 | D:1      | 0 ||| qw: Melee chars always use a shield: true
     0 | D:1      | 0 ||| qw: God list: Okawaru
     0 | D:1      | 0 ||| qw: Allow faded altars: false
     0 | D:1      | 0 ||| qw: Do Orc after clearing Dungeon:15 true
     0 | D:1      | 0 ||| qw: Do second Lair branch before Depths: true
     0 | D:1      | 0 ||| qw: Lair rune preference: random
     0 | D:1      | 0 ||| qw: Goals: Normal
     0 | D:1      | 0 ||| PLANNING D:1-11
   132 | D:1      | Reached XP level 2. HP: 16/16 MP: 3/3
   308 | D:1      | Reached skill level 3 in Ranged Weapons
   632 | D:1      | 632 ||| READING 2 scrolls labelled HUTEMAFAONK.
   633 | D:1      | 633 ||| READING 3 scrolls labelled OLYOJOOPTUG.
   634 | D:1      | 634 ||| DROPPING scroll of vulnerability.
   635 | D:1      | 635 ||| DROPPING scroll of poison.
   651 | D:2      | 651 ||| STAIRDANCE
   847 | D:2      | Found a faded altar of an unknown god.
   932 | D:2      | Reached XP level 3. HP: 17/21 MP: 4/4
  1225 | D:2      | Reached XP level 4. HP: 26/26 MP: 5/5
  1241 | D:2      | HP: 3/26 [gnoll bouda/+0 club (10)]
  1242 | D:2      | Slain by a gnoll bouda

Levels and vault maps discovered:
D:1:      ncdulo_smallfort, layout_basic, minmay_close_crescents
D:2:      layout_basic, shapermc_ecumenical_altar_flowoftime,
          minmay_gold_behind_fungi

Skill      XL: |  1  2 |
---------------+-------+-----
Ranged Weapons | 3 |  3.8
Fighting       | 2 |  2.3
Dodging        | |  1.5
Spellcasting   | |  1.0
Hexes          | |  2.6

Action                     |  1- 3 |  4- 6 || total
---------------------------+-------+-------++-------
   Fire: Sling             |    88 |    18 ||   106
    Use: Scroll            |     2 |       ||     2
 Armour: Robe              |    15 |     2 ||    17
  Dodge: Dodged            |    30 |     6 ||    36

Table legend:
 A = Non-vault XP
 B = Vault XP
 C = Vault XP percentage of total XP
 D = Non-vault monster count
 E = Vault monster count
 F = Vault count percentage of total count
                 A         B        C        D         E       F
            +---------+---------+-------+---------+---------+-------
      Total |      91 |       8 |   8.1 |      26 |       5 |  16.1
            +---------+---------+-------+---------+---------+-------
        D:1 |      20 |       8 |  28.6 |      12 |       5 |  29.4
        D:2 |      71 |       0 |   0.0 |      14 |       0 |   0.0
            +---------+---------+-------+---------+---------+-------
